AoeStats
← Un gatito que le gusta el manbo

Lombardia

508977203Analyzed
4v4 RM · 8d ago on Sep 24, 2026· 20m 2s· 8 players
Game mode
Random Map
Map size
Large (8 player)
Population
200
Speed
Normal
Resources
Standard
Victory
Conquest
Starting age
Dark Age
Ending age
Imperial Age
RankedLock teamsTeams togetherTeam positionsShared explorationLock speedFull tech treeHidden civsTurbo modeCheats
Victory
Defeat
🇳🇱 Tupi · Netherlands
1180
+15
🇺🇸 Magyars · United States
1149
+17
🇻🇪 Poles · Venezuela
1141
+17
🇭🇰 Khmer · Hong Kong SAR China
1137
+17
1340
-24
🇲🇽 Hindustanis · Mexico
1161
-16
1144
-16
🇦🇷 Celts · Argentina
1004
-10
HotHardFatherDaddy
12:00 Feudal Age
18:02 Castle Age
16:58 Fletching
16:59 Double-Bit Axe
18:11 Pikeman
19:34 Loom
19:56 Arson
javier1205hk
11:10 Feudal Age
13:06 Bloodlines
13:10 Double-Bit Axe
13:11 Horse Collar
14:08 Forging
18:01 Scale Barding Armor
Red Pyramid
10:33 Feudal Age
16:58 Double-Bit Axe
20:00 Castle Age
19:21 Forging
19:13 Scale Mail Armor
Builder
11:26 Feudal Age
17:34 Castle Age
15:38 Double-Bit Axe
15:34 Horse Collar
17:22 Horse Collar
OG Bloody2
6:45 Loom
9:33 Feudal Age
Un gatito que le gusta el manbo
6:23 Loom
9:19 Feudal Age
9:53 Double-Bit Axe
14:34 Forging
15:31 Scale Barding Armor
15:38 Town Watch
18:59 Bloodlines
22:16 Castle Age
GdN_Cuyi Saurus Rex
2:07 Loom
GDN_dgascogne
11:48 Feudal Age
10:12 Loom
Connection lost

Rejoining the realm…

Still unreachable

The connection could not be restored.

Session expired

The server has moved on; the page needs a fresh start.